Unix NetHack Version 5.0.0-0 post-release - last build May  4 2026 22:22:43 (774f63e81ad911689b3a0859ea89b322d5daca8d,branch:main).

Game began 2026-05-09 02:05:51, ended 2026-05-09 02:34:00.

Drastanta, chaotic female elven Wizard

                                 |   -----
                                 |.d |.{.|
                                  .dC.{@{
                                     |.{@
                                     -----

Drastanta the Thaumaturge  St:11 Dx:10 Co:16 In:20 Wi:11 Ch:7  Chaotic
Dlvl:9  $:301 HP:0(44) Pw:4(81) AC:9  Xp:6 T:2340 

Latest messages:
 You finish your prayer.
 You feel that Anhur is well-pleased.
 What do you want to zap? [cxG or ?*] X
 You don't have that object.
 What do you want to zap? [cxG or ?*] x
 In what direction? .
 Merpish's ghost touches you!
 The wolf bites!
 What do you want to write with? [- ac-enxGP or ?*] -
 You write in the dust with your fingertip.
 What do you want to write in the dust here? Elbereth
 The wolf turns to flee.
 Merpish's ghost turns to flee.
 Merpish's ghost turns to flee.
 You already found a monster.  Use 'm' prefix to force another search.
 Are you waiting to get hit?  Use 'm' prefix to force a no-op (to rest).
 Are you waiting to get hit?  Use 'm' prefix to force a no-op (to rest).
 Are you waiting to get hit?  Use 'm' prefix to force a no-op (to rest).
 Are you waiting to get hit?  Use 'm' prefix to force a no-op (to rest).
 Are you waiting to get hit?  Use 'm' prefix to force a no-op (to rest).
 Are you waiting to get hit?  Use 'm' prefix to force a no-op (to rest).
 Are you waiting to get hit?  Use 'm' prefix to force a no-op (to rest).
 Are you waiting to get hit?  Use 'm' prefix to force a no-op (to rest).
 Are you waiting to get hit?  Use 'm' prefix to force a no-op (to rest).
 Are you waiting to get hit?  Use 'm' prefix to force a no-op (to rest).
 Are you waiting to get hit?  Use 'm' prefix to force a no-op (to rest).
 Are you waiting to get hit?  Use 'm' prefix to force a no-op (to rest).
 Are you waiting to get hit?  Use 'm' prefix to force a no-op (to rest).
 Are you waiting to get hit?  Use 'm' prefix to force a no-op (to rest).
 Are you waiting to get hit?  Use 'm' prefix to force a no-op (to rest).
 Are you waiting to get hit?  Use 'm' prefix to force a no-op (to rest).
 Are you waiting to get hit?  Use 'm' prefix to force a no-op (to rest).
 Are you waiting to get hit?  Use 'm' prefix to force a no-op (to rest).
 Are you waiting to get hit?  Use 'm' prefix to force a no-op (to rest).
 Are you waiting to get hit?  Use 'm' prefix to force a no-op (to rest).
 You already found a monster.  Use 'm' prefix to force another search.
 You already found a monster.  Use 'm' prefix to force another search.
 Merpish's ghost touches you!
 2461479678's ghost touches you!
 What do you want to zap? [cxG or ?*] x
 In what direction? >
 You dig a hole through the floor.
 You fall through...
 "Hello, Drastanta, welcome to Delphi!"
 You die...
 Do you want your possessions identified? [ynq] (y) y
 Do you want to see your attributes? [ynq] (y) n
 Do you want an account of creatures vanquished? [ynaq] (y) n
 Do you want to see your conduct and achievements? [ynq] (y) n
 Do you want to see the dungeon overview? [ynq] (y) n

Inventory:
 Coins    ('$')
  $ - 301 gold pieces
 Weapons  (')')
  a - a blessed +1 quarterstaff
 Armor    ('[')
  b - an uncursed +0 cloak of magic resistance (being worn)
 Comestibles  ('%')
  I - an uncursed cream pie
  A - an uncursed partly eaten food ration
  C - 2 uncursed food rations
  H - an uncursed orange
 Scrolls  ('?')
  D - 3 uncursed scrolls of blank paper
  E - a cursed scroll of blank paper
  w - a blessed scroll of destroy armor
  i - an uncursed scroll of destroy armor
  k - an uncursed scroll of earth
  O - an uncursed scroll of enchant armor
  J - 2 uncursed scrolls of enchant weapon
  u - 2 uncursed scrolls of identify
  j - an uncursed scroll of remove curse
  M - a cursed scroll of teleportation
 Spellbooks  ('+')
  l - a blessed spellbook of force bolt
  q - an uncursed spellbook of healing
  Q - an uncursed spellbook of healing
 Potions  ('!')
  F - an uncursed potion of booze
  p - a blessed potion of enlightenment
  v - an uncursed potion of hallucination
  L - a blessed potion of invisibility
  f - an uncursed potion of oil
  s - a blessed potion of see invisible
  y - an uncursed potion of see invisible
 Rings    ('=')
  e - an uncursed ring of polymorph
  d - an uncursed ring of protection from shape changers (on right hand)
 Wands    ('/')
  c - a wand of digging (0:8)
  x - a wand of digging (0:6)
  G - a wand of digging (0:4)
 Tools    ('(')
  K - an uncursed bag of holding containing 1 item
  o - an uncursed wooden flute
  B - an uncursed bell
  n - a magic marker (0:22)
  z - an uncursed oil lamp
 Gems/Stones  ('*')
  P - 2 uncursed worthless pieces of orange glass

Contents of the bag of holding:
  an uncursed spellbook of detect food

Drastanta the Wizard's attributes:

Background:
 You were a Thaumaturge, a level 6 female elven Wizard.
 You were chaotic, on a mission for Anhur
 who was opposed by Ptah (lawful) and Thoth (neutral).
 You started out male.
 You were right-handed.
 You were in the Dungeons of Doom, on level 9.
 You entered the dungeon 2340 turns ago.
 It was nighttime.
 You had 369 experience points, 271 more were needed to attain level 7.

Basics:
 You had 0 out of 44 hit points.
 You had 4 out of 81 energy points (spell power).
 Your armor class was 9.
 Your wallet contained 301 zorkmids.
 Autopickup was off.

Final Characteristics:
 Your strength was 11 (limit:18).
 Your dexterity was 10 (limit:18).
 Your constitution was 16 (limit:16).
 Your intelligence was 20 (limit:20).
 Your wisdom was 11 (limit:20).
 Your charisma was 7 (limit:18).

Final Status:
 You weren't hungry.
 You were unencumbered.
 You were bare handed.
 You were unskilled in bare handed combat.

Final Attributes:
 You were piously aligned.
 You were magic-protected.
 You were sleep resistant.
 You had infravision.
 You were warded.
 You were protected from shape changers.
 You are dead.

Miscellaneous:
 You encountered 1 bones level.
 Total elapsed playing time was 28 minutes and 8 seconds.

Major events:
 Turn
    1: Drastanta the chaotic male elven Wizard entered the dungeon
  922: attained the rank of Conjurer (level 3)
 1251: entered the Gnomish Mines
 2213: attained the rank of Thaumaturge (level 6)
 2340: killed by falling down a mine shaft

Spells:
 Name                 Level Category     Fail Retention
 force bolt             1   attack         0%   81%-90%
 detect food            2   divination    29%  76%-100%
 healing                1   healing        0%  76%-100%

Skills:
 Fighting Skills
   bare handed combat [Unskilled]
   riding             [Unskilled]
 Weapon Skills
   dagger             [Unskilled]
   knife              [Unskilled]
   axe                [Unskilled]
   short sword        [Unskilled]
   club               [Unskilled]
   mace               [Unskilled]
   quarterstaff       [Basic]
   polearms           [Unskilled]
   spear              [Unskilled]
   trident            [Unskilled]
   sling              [Unskilled]
   dart               [Unskilled]
   shuriken           [Unskilled]
 Spellcasting Skills
   attack spells      [Basic]
   healing spells     [Unskilled]
   divination spells  [Unskilled]
   enchantment spells [Basic]
   clerical spells    [Unskilled]
   escape spells      [Unskilled]
   matter spells      [Unskilled]

Voluntary challenges:
 Character rerolling was not enabled.
 You followed a strict vegan diet.
 You never genocided any monsters.
 You never polymorphed an object.
 You used no wishes.
Achievements:
 You attained the rank of Conjurer.
 You entered the Gnomish Mines.
 You attained the rank of Thaumaturge.

 The Dungeons of Doom: levels 1 to 9
    Level 1:
       A fountain.
    Level 2:
       A fountain.
    Level 3:
       Many fountains.
    Level 4:
       Some fountains.
       Stairs down to The Gnomish Mines.
    Level 5:
       A grave.
    Level 6:
       A fountain.
    Level 7:
       A sink.
    Level 8:
       An altar to Anhur.
       Final resting place for
          merpish-Arc-Dwa-Mal-Law, killed by a Mordor orc, while sleeping off a magical draught,
          Anwyn-Kni-Hum-Fem-Law, killed by a werewolf.
    Level 9: <- You were here.
       Many fountains.
       Oracle of Delphi.
       Final resting place for
          you, killed by falling down a mine shaft.
 The Gnomish Mines:
    Level 5:


Vanquished creatures:
  a wolf
  a leprechaun
  a blue jelly
  a Mordor orc
 an orc shaman
  a ghoul
  a straw golem
  a paper golem
  a little dog
  a kitten
  a dwarf
  a homunculus
  a hill orc
  2 rothes
  a giant bat
  a monkey
  a wererat
  2 acid blobs
  a gas spore
  a hobbit
  3 large kobolds
  a giant rat
  a yellow mold
  a green mold
  a red mold
  a gnome zombie
  3 geckos
  2 jackals
  3 kobolds
  3 goblins
  a grid bug
  2 lichens
  2 kobold zombies
  2 newts
48 creatures vanquished.

No species were genocided or became extinct.

Game over:
                       ----------
                      /          \
                     /    REST    \
                    /      IN      \
                   /     PEACE      \
                  /                  \
                  |    Drastanta     |
                  |      301 Au      |
                  |    killed by     |
                  |  falling down a  |
                  |    mine shaft    |
                  |                  |
                  |       2026       |
                 *|     *  *  *      | *
        _________)/\\_//(\/(/\)/\//\/|_)_______

Goodbye Drastanta the Wizard...

You died in The Dungeons of Doom on dungeon level 9 with 2099 points,
and 301 pieces of gold, after 2340 moves.
You were level 6 with a maximum of 44 hit points when you died.

